 Dungeon Crawl Stone Soup version 0.25.0-11-g1f837a76a1 (webtiles) character file.

Game seed: 10608060982907590456

207525 Delamore the Peltast (level 18, 0/120 HPs)
             Began as a Gargoyle Fighter on June 26, 2020.
             Was the Champion of Okawaru.
             Slain by a seven-headed hydra (4 damage)
             ... on level 4 of the Swamp.
             The game lasted 01:06:11 (45814 turns).

Delamore the Peltast (Gargoyle Fighter)            Turns: 45814, Time: 01:06:12

Health: 0/120      AC: 41    Str: 28    XL:     18   Next: 75%
Magic:  27/27      EV: 10    Int: 11    God:    Okawaru [******]
Gold:   3933       SH: 22    Dex: 12    Spells: 15/17 levels left

rFire    + . .     SeeInvis .   J - +9 eveningstar (flame)
rCold    + . .     Gourm    .   v - +2 kite shield
rNeg     + . .     Faith    .   D - +5 scale mail of Miak {rElec rF+ Dex+3 Slay+3}
rPois    ∞         Spirit   .   Y - +3 helmet of a ziggurat {rElec rPois Str+2}
rElec    +         Reflect  +   A - +2 cloak {Stlth+}
rCorr    +         Harm     .   n - +0 pair of gloves (curse)
MR       ++...                  W - +2 pair of boots {Fly}
Stlth    ..........             k - amulet "Goebo" {Reflect rC+ SH+5}
HPRegen  0.30/turn              p - ring of resist corrosion
MPRegen  0.20/turn              X - ring of protection from magic

@: flying, studying Fighting
A: big wings, negative energy resistance 1, electricity resistance, unbreathing,
petrification resistance, rot immunity, AC +13
}: 1/15 runes: serpentine
a: Stop Flying, Heroism, Finesse, Renounce Religion


You were on level 4 of the Swamp.
You worshipped Okawaru.
Okawaru was exalted by your worship.
You were not hungry.

You visited 6 branches of the dungeon, and saw 32 of its levels.
You visited the Abyss 1 time.
You also visited: Sewer, Gauntlet and Ice Cave.

You collected 5204 gold pieces.
You spent 1271 gold pieces at shops.

Inventory:

Hand Weapons
 J - a +9 eveningstar of flaming (weapon)
Missiles
 a - 4 curare-tipped darts
 G - 3 atropa-tipped darts
 M - 4 silver javelins (quivered)
Armour
 n - a cursed +0 pair of gloves (worn)
 v - a +2 kite shield (worn)
 A - a +2 cloak of stealth (worn)
 D - the +5 scale mail of Miak (worn) {rElec rF+ Dex+3 Slay+3}
   (You took it off a death knight on level 12 of the Dungeon)

   It affects your dexterity (+3).
   It affects your accuracy and damage with ranged weapons and melee attacks
   (+3).
   It protects you from fire.
   It insulates you from electricity.
 K - a cursed +0 kite shield of reflection
 W - a +2 pair of boots of flying (worn)
 Y - the +3 helmet of a ziggurat (worn) {rElec rPois Str+2}
   (You found it in a Gauntlet)

   It affects your strength (+2).
   It insulates you from electricity.
   It protects you from poison.
Jewellery
 k - the amulet "Goebo" (around neck) {Reflect rC+ SH+5}
   (You acquired it on level 13 of the Dungeon)

   [amulet of reflection]

   It shields you and reflects attacks.
   It protects you from cold.
   It affects your SH (+5).
 o - an uncursed ring of protection from fire
 p - a ring of resist corrosion (left hand)
 E - the ring of Dim Light {*Tele rPois rN++ Str-4 Slay+5}
   (You found it in an ice cave)

   [ring of teleportation]

   It may teleport you next to monsters.
   It affects your strength (-4).
   It affects your accuracy and damage with ranged weapons and melee attacks
   (+5).
   It protects you from poison.
   It greatly protects you from negative energy.
 L - an uncursed ring of positive energy
 V - an uncursed ring of protection from cold
 X - a ring of protection from magic (right hand)
Wands
 c - a wand of digging (4)
 t - a wand of disintegration (50)
 w - a wand of flame (40)
 x - a wand of clouds (7)
 Q - a wand of iceblast (15)
Scrolls
 e - 9 scrolls of teleportation
 j - a scroll of fog
 q - 3 scrolls of enchant weapon
 s - 3 scrolls of enchant armour
 u - 8 scrolls of remove curse
 B - a scroll of brand weapon
 F - 7 scrolls of identify
 I - 7 scrolls of magic mapping
 N - 6 scrolls of fear
 O - 2 scrolls of summoning
Potions
 b - 3 potions of mutation
 d - 4 potions of might
 g - 6 potions of stabbing
 i - 7 potions of haste
 m - 8 potions of curing
 z - a potion of heal wounds
 R - a potion of cancellation
 S - 3 potions of magic
 T - 2 potions of berserk rage
Books
 r - a manual of Fighting
Miscellaneous
 h - a phantom mirror
 H - 3 boxes of beasts
 U - a lightning rod (4/4)
Comestibles
 f - 39 rations


   Skills:
 - Level 16.3 Fighting
 - Level 16.7 Maces & Flails
 - Level 12.0 Armour
 - Level 17.2 Shields
 + Level 12.2 Invocations
 + Level 10.4 Evocations


You had 15 spell levels left.
You knew the following spells:

 Your Spells              Type           Power        Failure   Level  Hunger
a - Blink                 Tloc           N/A          67%         2    ###....

Your spell library contained the following spells:

 Spells                   Type           Power        Failure   Level  Hunger
 Animate Skeleton         Necr           N/A          54%         1    ##.....
 Apportation              Tloc           #.....       54%         1    ##.....
 Corona                   Hex            #......      54%         1    ##.....
 Magic Dart               Conj           #...         54%         1    ##.....
 Shock                    Conj/Air       #...         54%         1    ##.....
 Summon Small Mammal      Summ           #...         54%         1    ##.....
 Call Imp                 Summ           #.......     67%         2    ###....
 Poisonous Vapours        Pois/Air       #.....       67%         2    ###....
 Slow                     Hex            #.......     67%         2    ###....
 Swiftness                Chrm/Air       #.......     67%         2    ###....
 Call Canine Familiar     Summ           #.......     88%         3    ####...
 Conjure Flame            Conj/Fire      #.......     88%         3    ####...
 Ignite Poison            Fire/Tmut/Pois #.......     88%         3    ####...
 Inner Flame              Hex/Fire       #.......     88%         3    ####...
 Mephitic Cloud           Conj/Pois/Air  #.......     88%         3    ####...
 Portal Projectile        Hex/Tloc       #.....       88%         3    ####...
 Static Discharge         Conj/Air       #.......     88%         3    ####...
 Summon Guardian Golem    Hex/Summ       #.......     88%         3    ####...
 Airstrike                Air            #.........   99%         4    #####..
 Cause Fear               Hex            #.........   99%         4    #####..
 Ice Form                 Ice/Tmut       #.......     99%         4    #####..
 Leda's Liquefaction      Hex/Erth       #.........   99%         4    #####..
 Petrify                  Tmut/Erth      #.......     99%         4    #####..
 Summon Ice Beast         Ice/Summ       #.......     99%         4    #####..
 Summon Lightning Spire   Summ/Air       #.......     99%         4    #####..
 Alistair's Intoxication  Tmut/Pois      #.......     100%        5    ######.
 Irradiate                Conj/Tmut      #.........   100%        5    ######.
 Lightning Bolt           Conj/Air       #.........   100%        5    ######.
 Metabolic Englaciation   Hex/Ice        #.........   100%        5    ######.
 Eringya's Noxious Bog    Tmut/Pois      #.........   100%        6    #######
 Freezing Cloud           Conj/Ice/Air   #.........   100%        6    #######
 Ozocubu's Refrigeration  Ice            #.........   100%        6    #######
 Simulacrum               Ice/Necr       #.........   100%        6    #######
 Ring of Flames           Chrm/Fire      #.........   100%        7    #######
 Chain Lightning          Conj/Air       #.........   100%        8    #######
 Lehudib's Crystal Spear  Conj/Erth      #.........   100%        8    #######
 Absolute Zero            Ice            #.........   100%        9    #######
 Fire Storm               Conj/Fire      #.........   100%        9    #######
 Sublimation of Blood     Necr           Unusable     N/A         2    N/A

Dungeon Overview and Level Annotations

Branches:
Dungeon (15/15)            Temple (1/1) D:6            Lair (6/6) D:8
  Swamp (4/4) Lair:2        Snake (4/4) Lair:3        Slime (0/5) Lair:6
    Orc (2/2) D:12            Elf (0/3) Orc:2        Vaults (0/5) D:13
 Depths (0/5) D:15          Sewer (visited)           IceCv (visited)
Gauntlet (visited)

Altars:
Ashenzari
Cheibriados
Dithmenos
Elyvilon
Fedhas
Gozag
Hepliaklqana
Kikubaaqudgha
Makhleb
Nemelex Xobeh
Okawaru
Qazlal
Ru
Sif Muna
Trog
Uskayaw
Vehumet
Wu Jian
Xom
Yredelemnul
Zin
The Shining One
Jiyva

Shops:
D:5 *:   Orc:2 :*%*   Snake:1 =?:=(   Snake:2 =(   Snake:3 }=}

Portals:
Trove: D:14 (give +4 fire dragon scales)


Innate Abilities, Weirdness & Mutations

You are resistant to torment.
Your stone body is resilient. (AC +13)
You are immune to poison.
Your large and strong wings let you fly indefinitely.
You resist negative energy. (rN+)
You are resistant to electric shocks. (rElec)
You can survive without breathing.
You are immune to petrification.
You are immune to rotting.


Message History

Press: ? - help, Shift-Dir - straight line, f - seven-headed hydra
Aim: a seven-headed hydra You throw a silver javelin.
The silver javelin pierces through the seven-headed hydra.
The seven-headed hydra is lightly wounded.
You hear a splash.
Throwing (i - inventory. (/) - cycle)
M - 5 silver javelins (quivered)
Press: ? - help, Shift-Dir - straight line, f/p - seven-headed hydra
Aim: a seven-headed hydra (lightly wounded)
You throw a silver javelin.
The silver javelin pierces through the seven-headed hydra!!
The seven-headed hydra is moderately wounded.
You hear a splash.
You impale the seven-headed hydra!! You burn the seven-headed hydra!
The seven-headed hydra is almost dead.
The seven-headed hydra bites you!
* * * LOW HITPOINT WARNING * * *
You block the seven-headed hydra's attack. x2
The seven-headed hydra bites you.
You die...

♣....♣≈≈≈.....≈≈♣## k.
♣♣≈≈♣≈.≈≈.♣≈♣♣.≈≈≈##.##
♣. ♣≈..≈..≈≈♣≈†≈.≈...≈
≈≈≈..≈.♣♣.≈≈..[[♣ ♣.♣
.≈≈..≈≈≈≈†.†.†.♣♣♣..♣
.≈§...≈≈≈≈.≈≈.♣♣♣...♣
≈≈.♣≈..≈≈≈≈≈≈≈≈♣♣†(.♣♣♣♣.
≈.♣♣♣♣.≈≈≈≈≈≈≈≈≈†.≈.≈≈.≈≈
♣.≈≈≈≈@D§≈..≈(..♣♣≈≈
♣.≈≈≈..≈≈≈....♣♣♣
♣§......≈≈≈...≈♣
≈≈≈≈≈.≈.≈≈≈≈≈≈≈♣
.≈≈≈≈≈♣.≈≈.♣.≈.♣
≈≈≈≈≈.♣.≈≈♣♣♣..♣
≈≈≈..♣♣.≈≈≈ ♣≈♣♣ .....
♣≈≈..♣ ♣♣ ..≈ ♣♣≈♣♣♣


You could see a seven-headed hydra.

Vanquished Creatures
  Rupert (D:13)
  3 thorn hunters
  Donald (Swamp:1)
  Roxanne (Snake:3)
  6 nagarajas
  A fire giant (D:15)
  An orc warlord (Orc:1)
  2 very ugly things
  A minotaur (Gauntlet)
  9 naga warriors
  A great orb of eyes (Gauntlet)
  A fire dragon (Lair:6)
  18 hydras
  Erica (D:9)
  2 ghost crabs
  A shambling mangrove (Swamp:2)
  6 anacondas
  A death knight (D:12)
  4 centaur warriors
  A catoblepas (Lair:3)
  18 alligators
  4 two-headed ogres
  4 death yaks
  A tengu warrior (D:15)
  18 naga sharpshooters
  6 orc high priests
  Urug (D:10)
  Sonja (Lair:4)
  2 shock serpents
  3 spriggan druids
  11 swamp dragons
  2 wolf spider zombies (D:13)
  4 naga ritualists
  A necromancer (Abyss:1)
  A lindwurm (Lair:6)
  An orc sorcerer (Orc:2)
  6 orc knights
  9 mana vipers
  5 manticores
  15 slime creatures
  2 cyclopes
  9 salamanders
  13 ugly things
  31 black mambas
  6 elephants
  5 centaur zombies
  2 guardian serpents
  27 naga magi
  Joseph (D:8)
  3 ice statues (IceCv)
  2 molten gargoyles (Lair:6)
  An eye of devastation (Gauntlet)
  14 spiny frogs
  5 centaur skeletons
  A gargoyle (D:14)
  A yaktaur (shapeshifter) (D:13)
  3 efreet
  4 rime drakes
  13 komodo dragons
  7 trolls
  3 polar bears
  Grinder (Sewer)
  Prince Ribbit (D:7)
  4 bog bodies
  9 tyrant leeches
  21 blink frogs
  7 hornets
  9 dream sheep
  11 hippogriffs
  A shadow (Swamp:4)
  A vampire (D:14)
  A spriggan (shapeshifter) (D:15)
  4 spriggans
  16 humans (D:13)
  6 wyverns
  A human (shapeshifter) (D:14)
  A wraith (D:15)
  5 basilisks
  34 yaks
  A golden eye (Gauntlet)
  2 steam dragons
  2 hungry ghosts
  17 vampire mosquitoes
  42 nagas
  21 swamp worms
  4 wargs
  12 insubstantial wisps
  A large abomination (Gauntlet)
  A soldier ant (D:14)
  14 swamp drakes
  4 hell hounds (Lair:6)
  12 water moccasins
  10 porcupines
  2 eyes of draining
  37 orc warriors
  3 sky beasts
  10 ice beasts
  3 black bears
  A necrophage (D:10)
  3 wolves (Lair:4)
  6 phantoms
  10 ogres
  8 centaurs
  14 crocodiles
  8 big kobolds
  A gnoll sergeant (D:7)
  10 bullfrogs
  A water moccasin skeleton (D:5)
  4 small abominations (Gauntlet)
  4 scorpions
  A wyvern skeleton (D:14)
  10 killer bees
  A howler monkey (D:8)
  7 wights
  3 lava snakes (Lair:6)
  8 crimson imps
  A jelly (D:10)
  2 bullfrog zombies (D:11)
  8 hounds
  24 orc priests
  A bullfrog skeleton (D:13)
  23 orc wizards
  3 iguanas
  11 worker ants
  4 big kobold zombies (Sewer)
  2 hound zombies
  A worker ant zombie (D:9)
  14 adders
  8 gnolls
  3 shadow imps
  2 ufetubi (Sewer)
  4 oozes
  An adder zombie (Sewer)
  7 worms
  4 dart slugs
  7 leopard geckos
  64 orcs
  19 bats
  3 giant cockroaches
  9 goblins
  5 hobgoblins
  3 jackals (D:8)
  46 kobolds
  4 quokkas
  7 ball pythons
  9 frilled lizards
  A kobold zombie (Sewer)
  2 leopard gecko skeletons
  2 quokka zombies
  13 rats
  5 briar patches
  A bush (D:9)
  A plant (Gauntlet)
1083 creatures vanquished.

Vanquished Creatures (collateral kills)
  the Lernaean hydra (Swamp:4)
  A hydra (Swamp:4)
  A swamp dragon (Swamp:4)
  2 swamp drakes (Swamp:4)
5 creatures vanquished.

Vanquished Creatures (others)
  A naga mage (Snake:4)
  A naga (Snake:4)
  A centaur (D:10)
  A hound (D:9)
  An orc wizard (Orc:2)
  An adder (D:10)
  An orc (Orc:2)
  A kobold (D:13)
  A quokka (D:10)
  8 briar patches
  A bush (D:9)
  3 demonic plants (Gauntlet)
  5 fungi
  A plant (Lair:6)
27 creatures vanquished.

Grand Total: 1115 creatures vanquished

Notes
Turn   | Place    | Note
-------+----------+-------------------------------------------
     0 | D:1      | Delamore the Gargoyle Fighter began the quest for the Orb.
     0 | D:1      | Reached XP level 1. HP: 14/14 MP: 1/1
    51 | D:1      | Reached XP level 2. HP: 12/19 MP: 2/2
   394 | D:1      | Reached XP level 3. HP: 22/23 MP: 3/3
  1094 | D:2      | Reached XP level 4. HP: 28/28 MP: 4/4
  1417 | D:2      | Reached skill level 5 in Maces & Flails
  1417 | D:2      | Reached XP level 5. HP: 31/32 MP: 5/5
  1578 | D:2      | Found a blossoming altar of Fedhas.
  1578 | D:2      | Found a sacrificial altar of Ru.
  2261 | D:3      | Noticed a hippogriff
  2301 | D:3      | HP: 1/32 [hippogriff (3)]
  2694 | D:3      | Found a shadowy altar of Dithmenos.
  3228 | D:3      | Killed a hippogriff
  3228 | D:3      | Reached XP level 6. HP: 15/39 MP: 6/6
  3985 | D:3      | Found an opulent altar of Gozag.
  3985 | D:3      | Found a hazy altar of Hepliaklqana.
  4029 | D:4      | Reached XP level 7. HP: 36/44 MP: 7/7
  4042 | D:4      | Reached skill level 5 in Fighting
  4947 | D:5      | Entered Level 5 of the Dungeon
  4947 | D:5      | Found Leol's Elemental Accessories.
  4975 | D:5      | Bought a wand of flame (5) for 42 gold pieces
  5002 | D:5      | Found Jenk's Book Boutique.
  5557 | D:5      | Reached XP level 8. HP: 20/52 MP: 8/8
  6415 | D:6      | Found a blossoming altar of Fedhas.
  6426 | D:6      | Found a staircase to the Ecumenical Temple.
  6453 | Temple   | Entered the Ecumenical Temple
  6628 | Temple   | Became a worshipper of Warmaster Okawaru
  6655 | D:6      | Found a glowing drain.
  6663 | Sewer    | Entered a sewer
  7042 | Sewer    | Found an ancient bone altar of Kikubaaqudgha.
  7256 | Sewer    | Noticed Grinder
  7274 | Sewer    | Paralysed by Grinder for 6 turns
  7338 | Sewer    | Killed Grinder
  7623 | Sewer    | Reached * piety under Okawaru
  7927 | D:6      | Reached XP level 9. HP: 59/60 MP: 9/9
  7950 | D:6      | Found a bloodstained altar of Trog.
  9507 | D:7      | Reached skill level 10 in Maces & Flails
  9765 | D:7      | Reached skill level 10 in Fighting
  9895 | D:7      | Reached ** piety under Okawaru
 10273 | D:8      | Noticed a cyclops
 10545 | D:8      | Reached XP level 10. HP: 66/68 MP: 10/10
 10566 | D:8      | Noticed Prince Ribbit
 10590 | D:8      | Found a shattered altar of Ashenzari.
 10909 | D:7      | Killed Prince Ribbit
 11204 | D:8      | Noticed Joseph
 11612 | D:8      | Killed Joseph
 11612 | D:8      | Reached *** piety under Okawaru
 12277 | D:8      | Found a staircase to the Lair.
 12557 | D:8      | Killed a cyclops
 13121 | Lair:1   | Entered Level 1 of the Lair of Beasts
 13166 | Lair:1   | Noticed a spiny frog
 13189 | Lair:1   | Killed a spiny frog
 13532 | Lair:1   | Reached skill level 4 in Shields
 13642 | Lair:1   | Reached XP level 11. HP: 20/76 MP: 8/11
 13651 | Lair:1   | Reached **** piety under Okawaru
 13651 | Lair:1   | Received a gift from Okawaru
 13945 | Lair:1   | Reached skill level 5 in Shields
 15108 | D:9      | Reached skill level 6 in Shields
 15454 | D:9      | Noticed Erica
 15475 | D:9      | Killed Erica
 15728 | D:9      | Reached ***** piety under Okawaru
 15728 | D:9      | Reached skill level 7 in Shields
 15809 | D:9      | Noticed a three-headed hydra
 15823 | D:9      | Killed a three-headed hydra
 16349 | D:10     | Entered Level 10 of the Dungeon
 16391 | D:10     | Noticed Urug
 16424 | D:10     | Killed Urug
 16424 | D:10     | Received a gift from Okawaru
 16424 | D:10     | Reached skill level 8 in Shields
 17265 | D:11     | Noticed a two-headed ogre
 17281 | D:11     | Killed a two-headed ogre
 17785 | D:11     | Reached XP level 12. HP: 77/81 MP: 12/12
 18083 | D:11     | Reached skill level 9 in Shields
 18438 | D:11     | Noticed a two-headed ogre
 18451 | D:11     | Killed a two-headed ogre
 19033 | Lair:2   | Reached skill level 10 in Shields
 19044 | Lair:2   | Found a staircase to the Swamp.
 20124 | Lair:3   | HP: 4/81 [black mamba (6)]
 20796 | Lair:3   | Noticed a catoblepas
 20837 | Lair:3   | Killed a catoblepas
 20837 | Lair:3   | Reached skill level 11 in Shields
 21154 | Lair:3   | Noticed an eight-headed hydra
 21170 | Lair:3   | Killed an eight-headed hydra
 21449 | Lair:3   | Found a staircase to the Snake Pit.
 21782 | Lair:3   | Reached skill level 15 in Maces & Flails
 21782 | Lair:3   | Reached XP level 13. HP: 50/85 MP: 13/13
 22548 | Lair:4   | Reached skill level 12 in Shields
 23272 | Lair:4   | Received a gift from Okawaru
 23537 | Lair:4   | Noticed Sonja
 23551 | Lair:4   | Killed Sonja
 24828 | Lair:6   | Entered Level 6 of the Lair of Beasts
 24911 | Lair:5   | Reached skill level 13 in Shields
 25530 | Lair:6   | Reached ****** piety under Okawaru
 25665 | Lair:6   | Received a gift from Okawaru
 26139 | Lair:6   | Gained mutation: Your large and strong wings let you fly
                  | indefinitely. [Gargoyle growth]
 26139 | Lair:6   | Reached XP level 14. HP: 72/91 MP: 14/14
 26230 | Lair:6   | Found a large runed translucent door.
 26230 | Lair:6   | Found a large runed translucent door.
 26360 | Lair:6   | Reached skill level 14 in Shields
 26639 | Lair:6   | Found an opulent altar of Gozag.
 26707 | Lair:6   | Found a staircase to the Slime Pits.
 26708 | Lair:6   | Found a viscous altar of Jiyva.
 26911 | Lair:6   | Received a gift from Okawaru
 26914 | Lair:6   | Got an iridescent demon blade {god gift}
 26915 | Lair:6   | Identified the +1 demon blade "Juubesoc" {elec, Fragile rF+
                  | Dex+7 SInv} (Okawaru gifted it to you on level 6 of the
                  | Lair of Beasts)
 27998 | D:12     | Identified the +5 scale mail of Miak {rElec rF+ Dex+3
                  | Slay+3}
 27999 | D:12     | You fall into a shaft and drop 3 floors!
 27999 | D:15     | Entered Level 15 of the Dungeon
 28219 | D:14     | Found a frozen archway.
 28242 | IceCv    | Entered an ice cave
 28294 | IceCv    | Reached skill level 15 in Shields
 29282 | IceCv    | Got a brightly glowing tin ring
 29303 | IceCv    | Identified the ring of Dim Light {*Tele rPois rN++ Str-4
                  | Slay+5} (You found it in an ice cave)
 29359 | D:13     | Got a faintly glowing ring mail
 29376 | D:13     | Found a gate leading to a gauntlet.
 29409 | Gauntlet | Entered a Gauntlet
 29409 | Gauntlet | Found a transporter.
 29478 | Gauntlet | Found a transporter.
 29480 | Gauntlet | Found a transporter.
 29480 | Gauntlet | Found a transporter.
 29482 | Gauntlet | Found a large runed translucent door.
 29482 | Gauntlet | Found a large runed translucent door.
 29483 | Gauntlet | Found a large runed translucent door.
 29483 | Gauntlet | Found a large runed translucent door.
 29498 | Gauntlet | Found a transporter.
 29514 | Gauntlet | Found a transporter.
 29522 | Gauntlet | Found a transporter.
 29540 | Gauntlet | Found a transporter.
 29560 | Gauntlet | Found a transporter.
 29568 | Gauntlet | Found a large runed translucent door.
 29569 | Gauntlet | Found a large runed translucent door.
 29570 | Gauntlet | Found a large runed translucent door.
 29570 | Gauntlet | Found a large runed translucent door.
 29571 | Gauntlet | Found a runed translucent gate.
 29572 | Gauntlet | Found a transporter.
 29572 | Gauntlet | Found a runed translucent gate.
 29573 | Gauntlet | Found a runed translucent gate.
 29574 | Gauntlet | Found a large runed translucent door.
 29574 | Gauntlet | Found a large runed translucent door.
 29575 | Gauntlet | Found a large runed translucent door.
 29576 | Gauntlet | Found a large runed translucent door.
 29584 | Gauntlet | Found a transporter.
 29596 | Gauntlet | Found a transporter.
 29612 | Gauntlet | Found a transporter.
 29614 | Gauntlet | Found a transporter.
 29614 | Gauntlet | Found a transporter.
 29642 | Gauntlet | Found a large runed translucent door.
 29642 | Gauntlet | Found a large runed translucent door.
 29642 | Gauntlet | Found a runed translucent door.
 29642 | Gauntlet | Found a runed translucent door.
 29686 | Gauntlet | Found a transporter.
 29704 | Gauntlet | Found a transporter.
 29726 | Gauntlet | Found a transporter.
 29968 | Gauntlet | Identified the +3 ring mail of the Eleven Beds {Int+3 Dex-2
                  | SInv} (You found it on level 13 of the Dungeon)
 30012 | Gauntlet | Got a spiked helmet
 30025 | Gauntlet | Identified the +3 helmet of a ziggurat {rElec rPois Str+2}
                  | (You found it in a Gauntlet)
 30043 | Gauntlet | Identified the +5 long sword "Doup" {flame, rElec rPois}
 30230 | D:13     | Identified a scroll of acquirement
 30234 | D:13     | Got the amulet "Goebo" {Reflect rC+ SH+5}
 30281 | D:13     | Found a gate to the Vaults.
 30281 | D:13     | Noticed Rupert
 30295 | D:13     | Received a gift from Okawaru
 30307 | D:13     | Paralysed by Rupert for 7 turns
 30322 | D:13     | Killed Rupert
 30322 | D:13     | Reached skill level 16 in Shields
 30802 | D:13     | Reached skill level 17 in Shields
 30802 | D:13     | Reached XP level 15. HP: 91/96 MP: 15/15
 31731 | D:12     | Found a staircase to the Orcish Mines.
 32824 | D:14     | Found a portal to a secret trove of treasure.
 32959 | D:14     | Reached skill level 5 in Armour
 33267 | D:15     | Found a staircase to the Depths.
 33267 | D:15     | Noticed a fire giant
 33306 | D:15     | Received a gift from Okawaru
 33584 | D:15     | Killed a fire giant
 33981 | D:15     | Received a gift from Okawaru
 33984 | D:15     | Got a transparent fustibalus {god gift}
 34311 | Orc:1    | Entered Level 1 of the Orcish Mines
 34424 | Orc:2    | Entered Level 2 of the Orcish Mines
 34445 | Orc:2    | Noticed an orc warlord
 34516 | Orc:1    | Killed an orc warlord
 34976 | Orc:2    | Found a staircase to the Elven Halls.
 35643 | Orc:2    | Received a gift from Okawaru
 35993 | Orc:2    | Reached XP level 16. HP: 72/106 MP: 16/16
 36129 | Orc:2    | Found Yhawiunt's Book Emporium.
 36129 | Orc:2    | Found Guatir's General Store.
 36130 | Orc:2    | Found Fikyril's Food Shoppe.
 36130 | Orc:2    | Found Efanapp's General Store.
 36140 | Orc:2    | Bought a scroll of identify for 30 gold pieces
 36140 | Orc:2    | Bought a scroll of identify for 30 gold pieces
 36141 | Orc:2    | Bought a phantom mirror for 390 gold pieces
 36141 | Orc:2    | Bought a scroll of identify for 26 gold pieces
 36141 | Orc:2    | Bought a scroll of magic mapping for 45 gold pieces
 36822 | Snake:1  | Entered Level 1 of the Snake Pit
 36970 | Snake:1  | Found Buxun's Jewellery Boutique.
 36978 | Snake:1  | Found Iciegi's Book Shoppe.
 37044 | Snake:1  | Bought an uncursed ring of resist corrosion for 280 gold
                  | pieces
 37054 | Snake:1  | Found Xyorchiy's Magic Scroll Shoppe.
 37071 | Snake:1  | Bought a scroll of fear for 70 gold pieces
 37071 | Snake:1  | Bought a scroll of magic mapping for 70 gold pieces
 37088 | Snake:1  | Reached skill level 10 in Armour
 37109 | Snake:1  | Found Coigg's Jewellery Emporium.
 37161 | Snake:1  | Found Ycveorgh's Antique Weapon Emporium.
 37752 | Snake:2  | Received a gift from Okawaru
 37762 | Snake:2  | Reached skill level 15 in Fighting
 37766 | Snake:2  | Got a warped plate armour {god gift}
 37866 | Snake:2  | Identified the +1 plate armour of Weightlessness {SInv}
                  | (Okawaru gifted it to you on level 2 of the Snake Pit)
 38002 | Snake:2  | Noticed a nagaraja
 38011 | Snake:2  | Killed a nagaraja
 38476 | Snake:2  | Found Viyxzeis's Jewellery Boutique.
 38481 | Snake:2  | Found Xari's Weapon Shop.
 39065 | Snake:3  | Noticed Roxanne
 39087 | Snake:3  | Killed Roxanne
 39165 | Snake:3  | Cast into level 1 of the Abyss (naga)
 39328 | Abyss:1  | Found a corrupted altar of Lugonu.
 39353 | Snake:3  | Escaped the Abyss
 39508 | Snake:3  | Found Veap's Gadget Shop.
 39508 | Snake:3  | Found Uschoz's Jewellery Shoppe.
 39509 | Snake:3  | Found Leanlok's Gadget Shop.
 39518 | Snake:3  | Bought a wand of digging (4) for 288 gold pieces
 40445 | Snake:4  | Entered Level 4 of the Snake Pit
 40681 | Snake:4  | Reached skill level 1 in Invocations
 40690 | Snake:4  | Reached skill level 1 in Evocations
 40813 | Snake:4  | Received a gift from Okawaru
 40826 | Snake:4  | Reached XP level 17. HP: 102/115 MP: 12/19
 40900 | Snake:4  | Learned a level 2 spell: Blink
 41165 | Snake:4  | Reached skill level 5 in Invocations
 41245 | Snake:4  | Received a gift from Okawaru
 41257 | Snake:4  | Reached skill level 5 in Evocations
 41805 | Snake:4  | Got a serpentine rune of Zot
 42148 | Swamp:1  | Entered Level 1 of the Swamp
 42400 | Swamp:1  | Found a transporter.
 42690 | Swamp:1  | Found a transporter.
 42733 | Swamp:1  | Noticed Donald
 42737 | Swamp:1  | Killed Donald
 42737 | Swamp:1  | Received a gift from Okawaru
 42996 | Swamp:1  | Got a coiled golden ring
 42999 | Swamp:1  | Got an encrusted helmet
 43002 | Swamp:1  | Identified the ring "Sumen" {rElec Str+6} (You found it on
                  | level 1 of the Swamp)
 43003 | Swamp:1  | Identified the +3 helmet "Matiut" {*Corrode Str+4 Slay+2}
                  | (You found it on level 1 of the Swamp)
 43567 | Swamp:2  | Found a shimmering altar of Xom.
 43648 | Swamp:2  | Reached XP level 18. HP: 116/120 MP: 25/25
 43932 | Swamp:2  | Reached skill level 10 in Invocations
 43937 | Swamp:2  | Received a gift from Okawaru
 45558 | Swamp:4  | Entered Level 4 of the Swamp
 45644 | Swamp:4  | Received a gift from Okawaru
 45690 | Swamp:4  | Reached skill level 10 in Evocations
 45786 | Swamp:4  | Noticed the 27-headed Lernaean hydra
 45802 | Swamp:4  | Killed the 27-headed Lernaean hydra
 45814 | Swamp:4  | HP: 4/120 [seven-headed hydra (8)]
 45814 | Swamp:4  | Slain by a seven-headed hydra

Illustrated notes

Levels and vault maps discovered:
D:1:      ncdulo_wetmaze, layout_rooms
D:2:      layout_basic, grunt_temple_overflow_open, kennysheep_crisscross,
          minmay_misc_feat_rows, minmay_tromino_mix6
D:3:      layout_basic, grunt_dithmenos_smoke_and_mirrors,
          gammafunk_temple_overflow_elements
D:4:      layout_basic, hangedman_decor_lopped
D:5:      layout_basic, serial_shops, shop, first_ration, nicolae_elemental_shop
D:6:      layout_basic, trog_ov_bears_minmay, minmay_temple_entry_sparse_star,
          basic_altar, cheibrodos_sewer_entry_drain, serial_glass,
          glass_columns_b, glass_columns_a, minmay_strange_pillars,
          feat_on_display, minmay_strange_pillars, due_unseen_surprise,
          corexii_hall_statues_l, chequers_garden
D:7:      layout_basic
D:8:      layout_rooms, david_lair_generic, basic_altar, uniq_joseph,
          uniq_prince_ribbit1
D:9:      layout_basic, minmay_hedge_maze, hangedman_ranch
          [blue_anna_fruit_fields], kennysheep_generic_room_16, uniq_erica
D:10:     layout_roguey, uniq_urug
D:11:     layout_irregular_city
D:12:     layout_loops_ring, minmay_orc_entry_guard_dogs
D:13:     layout_irregular_city, david_vaults_3, gauntlet_entry_generic
D:14:     layout_basic, chequers_jeans, nicolae_trove_entry_crystal,
          portal_ice_cave_entry_pillars_2, minmay_joined_circles
D:15:     grunt_enter_depths_giant_problem, layout_loops_ring,
          serial_bayou_pond_d
Temple:   compressed_dpeg_circular_temple
Lair:1:   layout_hall_layers
Lair:2:   layout_chaotic_city, swamp_mist_pool, minmay_stone_trees_small,
          minivault_27
Lair:3:   layout_roguey, minmay_snake_entry_guardpost_medium, grunt_megastairs_5
Lair:4:   layout_regular_city, uniq_sonja
Lair:5:   layout_hall_layers, grunt_megastairs_1
Lair:6:   cheibrodos_lair_end_hotspot, layout_regular_city, slime_altar_1,
          lemuel_centaur_altar
Swamp:1:  gammafunk_worm_tunnel, layout_basic_swamp,
          nicolae_swamp_trees_clearing, uniq_donald
Swamp:2:  layout_falls_marsh, lemuel_altar_in_water, swamp_pool4,
          st_swamp_ruins_3
Swamp:3:  layout_basic_swamp, hangedman_swamp_ruin_wall, nicolae_swamp_treefoil,
          swamp_pool4, infiniplex_staircase_pool
Swamp:4:  swamp, layout_basic_swamp
Snake:1:  layout_rooms, serial_shops, shop, shop, shop,
          nicolae_shop_behind_doors, shop, st_stairs_12
Snake:2:  layout_chambers, nicolae_snake_double_loop, minmay_shoptagon
Snake:3:  layout_grid_maze, serial_bayou_shore_b, minmay_shop_grove,
          uniq_roxanne
Snake:4:  snake_pit, layout_onion
Orc:1:    layout_caves
Orc:2:    st_orc_pillars, layout_diamond_mine, guppyfry_library_mini

Skill      XL: |  1  2  3  4  5  6  7  8  9 10 11 12 13 14 15 16 17 18 |
---------------+-------------------------------------------------------+-----
Maces & Flails | 3 4 5 6 7 9 10 12 13 15 16 | 16.7
Fighting       | 4 6 8 10 11 14 16 | 16.3
Shields        | 4 8 11 13 17 | 17.2
Armour         | 9 12 | 12.0
Invocations    | 2 9 12 | 12.2
Evocations     | 2 8 10 | 10.4

Action                   |  1- 3 |  4- 6 |  7- 9 | 10-12 | 13-15 | 16-18 || total
-------------------------+-------+-------+-------+-------+-------+-------++-------
Melee: Flail             |   135 |   120 |       |   694 |       |       ||   949
       Whip              |       |   205 |  1123 |   756 |   373 |       ||  2457
       Mace              |       |       |       |    39 |       |       ||    39
       Morningstar       |       |       |       |       |   851 |       ||   851
       Demon blade       |       |       |       |       |    79 |       ||    79
       Eveningstar       |       |       |       |       |   276 |  1044 ||  1320
Throw: Dart              |       |     4 |     5 |     6 |     4 |       ||    19
       Javelin           |       |       |       |       |     9 |     7 ||    16
Invok: Heroism           |       |       |       |     3 |     2 |       ||     5
       Finesse           |       |       |       |     3 |     3 |       ||     6
 Abil: Stop Flying       |       |       |       |     1 |       |       ||     1
       Fly               |       |       |       |       |       |     1 ||     1
Evoke: Wand              |       |       |       |     1 |     9 |       ||    10
       Box of beasts     |       |       |       |       |     4 |       ||     4
       Lightning rod     |       |       |       |       |       |     2 ||     2
       Phantom mirror    |       |       |       |       |       |     2 ||     2
  Use: Potion            |       |     1 |     1 |     8 |     7 |       ||    17
       Scroll            |       |       |    14 |     4 |    28 |     8 ||    54
 Stab: Invisible         |       |       |       |       |     4 |       ||     4
  Eat: Chunk             |     1 |     9 |    19 |    30 |    37 |    10 ||   106
       Ration            |       |       |     1 |     2 |     4 |     7 ||    14
Armor: Scale mail        |    80 |   186 |   315 |       |   120 |   504 ||  1205
       Ring mail         |       |       |   222 |    92 |    90 |       ||   404
       Plate armour      |       |       |       |   257 |       |       ||   257
       Chain mail        |       |       |       |   284 |   290 |       ||   574
Dodge: Dodged            |    66 |    97 |   311 |   401 |   391 |   230 ||  1496
Block: Kite shield       |    87 |   159 |   441 |   610 |   988 |  1079 ||  3364
       Reflection        |       |       |       |       |    29 |   141 ||   170
       Rpst.: Demon blade |       |       |       |       |     6 |       ||     6
